Unix NetHack Version 5.0.0-0 post-release - last build May 10 2026 23:12:36 (d1fa5d53e341ca933230fdaa984d921c805b60aa,branch:main).

Game began 2026-05-13 16:13:18, ended 2026-05-13 16:38:45.

Drastanta, neutral male human Barbarian

                                                                 -------------
                               -----                             |...{.).....|
       ---------               |...|    --------                #|...........|
       |.......|              #-...-##  |......|                #............|
       |0.......#######       #|...| ###.......|          }     #............|
       |.......|     #        #-----    |%.....|          }##)###............|
       |(.......     #        "         |......|          }?#"###--.----------
       |.......|     #        #         |......|          }#*   ####
       --.------     #        #         |......|           *       #
         #           #        ##        ----.---         *##       #
         #           ##       ##            #          ###         "
         #         #####      ##***#)#################@o##         #
        ##            #--------#            #               -------#
        #             #.......-#           ####    #########....(.|#
     ---|--           #.[..)..|          ----.--    ########|......#
     |....-############|.......        ##|.....| ####       |......
     |.....            --------         #....<..##          -------
     |>....#############################0|`....|
     ------                             #-------

Drastanta the Pillager     St:18/01 Dx:17 Co:18 In:8 Wi:7 Ch:6  Neutral
Dlvl:6  $:300 HP:0(57) Pw:11(11) AC:5  Xp:5 T:2938 

Latest messages:
 Really step into that web? [yn] (n) y
 You stumble into a spider web!
 The hill orc thrusts her orcish dagger.
 The hill orc hits!
 You disentangle yourself.
 You miss the hill orc.
 The hill orc swings his scimitar.
 The hill orc hits!
 You smite the hill orc!
 The hill orc reads a scroll labeled ZELGO MER!
 It picks up a gray stone.
 You miss the hill orc.
 The hill orc thrusts her orcish dagger.
 The hill orc hits!
 You miss the hill orc.
 The hill orc thrusts her orcish dagger.
 The hill orc hits!
 You miss the hill orc.
 The gray stone hits the hill orc!
 The hill orc is killed!
 You are hit by a gray stone!
 You are hit by a gray stone.
 You are almost hit by a gray stone.
 The hill orc swings his sling.
 The hill orc misses!
 The hill orc swings his sling.
 The hill orc hits!
 You hear the footsteps of a guard on patrol.
 The hill orc swings his sling.
 The hill orc hits!
 You smite the hill orc!
 A rock misses you.
 The hill orc swings his sling.
 The hill orc hits!
 You hear a distant zap.
 You miss the hill orc.
 A rock misses you.
 The hill orc swings his sling.
 The hill orc hits!
 You miss the hill orc.
 You are hit by a rock.
 You hear the howling of the CwnAnnwn...
 The hill orc swings his sling.
 The hill orc hits!
 You die...
 Do you want your possessions identified? [ynq] (y) y
 Do you want to see your attributes? [ynq] (y) y
 Do you want an account of creatures vanquished? [ynaq] (y) y
 Do you want to see your conduct and achievements? [ynq] (y) y
 Do you want to see the dungeon overview? [ynq] (y) y

Inventory:
 Coins    ('$')
  $ - 300 gold pieces
 Weapons  (')')
  x - a cursed -3 dwarvish mattock (weapon in hands)
 Armor    ('[')
  u - an uncursed +0 pair of iron shoes
  z - an uncursed +0 pair of iron shoes (being worn)
  M - an uncursed +0 elven mithril-coat
  c - an uncursed +0 ring mail (being worn)
 Comestibles  ('%')
  j - 2 uncursed cram rations
  J - an uncursed food ration
  r - 2 uncursed fortune cookies
  i - an uncursed orange
 Scrolls  ('?')
  F - an uncursed scroll of confuse monster
  G - a cursed scroll of enchant armor
  e - 3 uncursed scrolls of enchant weapon
  E - 2 uncursed scrolls of fire
  B - a cursed scroll of fire
  n - 2 uncursed scrolls of identify
  g - an uncursed scroll of scare monster
  K - an uncursed scroll of stinking cloud
  k - an uncursed scroll of taming
  s - an uncursed scroll of teleportation
 Potions  ('!')
  C - a blessed potion of healing
  f - 3 uncursed potions of healing
  h - an uncursed potion of object detection
  m - an uncursed potion of oil
  I - an uncursed potion of see invisible
 Rings    ('=')
  H - a cursed ring of aggravate monster
 Wands    ('/')
  l - a wand of digging (0:7)
  w - a wand of stasis (0:6)
 Tools    ('(')
  D - an uncursed brass lantern
  p - an uncursed tin whistle

Drastanta the Barbarian's attributes:

Background:
 You were a Pillager, a level 5 male human Barbarian.
 You were neutral, nominally on a mission for Crom
 who was opposed by Mitra (lawful) and Set (chaotic).
 You were right-handed.
 You were in the Dungeons of Doom, on level 6.
 You entered the dungeon 2938 turns ago.
 You had 310 experience points, 10 more were needed to attain level 6.

Basics:
 You had 0 out of 57 hit points.
 You had all 11 energy points (spell power).
 Your armor class was 5.
 Your wallet contained 300 zorkmids.
 Autopickup was off.

Final Characteristics:
 Your strength was 18/01 (limit:18/100).
 Your dexterity was 17 (limit:18).
 Your constitution was 18 (limit:18).
 Your intelligence was 8 (limit:18).
 Your wisdom was 7 (limit:18).
 Your charisma was 6 (limit:18).

Final Status:
 You weren't hungry.
 You were unencumbered.
 You were wielding a mattock.
 You were unskilled in pick-axe.

Final Attributes:
 You were piously aligned.
 You were poison resistant.
 You were warded.
 You are dead.

Miscellaneous:
 You didn't encounter any bones levels.
 Total elapsed playing time was 25 minutes and 27 seconds.

Major events:
 Turn
    1: Drastanta the neutral male human Barbarian entered the dungeon
  477: attained the rank of Pillager (level 3)
  572: entered the Gnomish Mines
 2938: killed by a hill orc

You didn't know any spells.

Skills:
 Fighting Skills
   bare handed combat [Basic]
   two weapon combat  [Unskilled]
   riding             [Unskilled]
 Weapon Skills
   dagger             [Unskilled]
   axe                [Basic]
   pick-axe           [Unskilled]
   short sword        [Basic]
   broadsword         [Unskilled]
   long sword         [Unskilled]
   two-handed sword   [Unskilled]
   saber              [Unskilled]
   club               [Unskilled]
   mace               [Unskilled]
   morning star       [Unskilled]
   flail              [Unskilled]
   hammer             [Unskilled]
   quarterstaff       [Unskilled]
   spear              [Unskilled]
   trident            [Unskilled]
   bow                [Unskilled]
 Spellcasting Skills
   attack spells      [Unskilled]
   escape spells      [Unskilled]

Voluntary challenges:
 Character rerolling was not enabled.
 You were an atheist.
 You never genocided any monsters.
 You never polymorphed an object.
 You never changed form.
 You used no wishes.
Achievements:
 You attained the rank of Pillager.
 You entered the Gnomish Mines.
 You entered a shop.

 The Dungeons of Doom: levels 1 to 6
    Level 1:
       Many fountains, many trees.
    Level 2:
       A fountain, a grave.
       Stairs down to The Gnomish Mines.
    Level 3:
       A bookstore, a fountain, a sink.
    Level 4:
    Level 5:
    Level 6: <- You were here.
       A fountain.
       Final resting place for
          you, killed by a hill orc.
 The Gnomish Mines:
    Level 3:


Vanquished creatures:
  2 wood nymphs
  a mountain nymph
 an orc shaman
  a rock piercer
  a pony
  a shrieker
  a violet fungus
  a paper golem
  a kitten
  2 dwarves
  a kobold leader
  5 hill orcs
  2 giant bats
  3 iguanas
 an acid blob
  2 coyotes
  a gas spore
  3 hobbits
  a large kobold
  2 hobgoblins
  a giant rat
  2 cave spiders
  2 gnomes
  2 geckos
  3 jackals
  a fox
  2 kobolds
  2 goblins
  a sewer rat
  a grid bug
  a bat
  a newt
52 creatures vanquished.

No species were genocided or became extinct.

Game over:
                       ----------
                      /          \
                     /    REST    \
                    /      IN      \
                   /     PEACE      \
                  /                  \
                  |    Drastanta     |
                  |      300 Au      |
                  | killed by a hill |
                  |       orc        |
                  |                  |
                  |                  |
                  |       2026       |
                 *|     *  *  *      | *
        _________)/\\_//(\/(/\)/\//\/|_)_______

Goodbye Drastanta the Barbarian...

You died in The Dungeons of Doom on dungeon level 6 with 1760 points,
and 300 pieces of gold, after 2938 moves.
You were level 5 with a maximum of 57 hit points when you died.

